 Dungeon Crawl Stone Soup version 0.22-a0-448-g1fb7470005 (webtiles) character file.

148 Oravi the Changer (level 5, -7/37 HPs)
             Began as a Merfolk Transmuter on June 4, 2018.
             Mangled by SacrumLux's ghost (19 damage)
             ... on level 3 of the Dungeon.
             The game lasted 00:08:09 (2661 turns).

Oravi the Changer (Merfolk Transmuter)              Turns: 2661, Time: 00:08:12

Health: -7/37      AC:  3    Str: 11    XL:     5   Next: 30%
Magic:  2/8        EV: 13    Int: 13    God:
Gold:   97         SH:  0    Dex: 14    Spells: 2/8 levels left

rFire    . . .     SeeInvis .     - Unarmed
rCold    . . .     Gourm    .   (no shield)
rNeg     . . .     Faith    .   b - +0 robe
rPois    .         Spirit   .   o - +0 helmet
rElec    .         Reflect  .   (no cloak)
rCorr    .         Harm     .   (no gloves)
MR       .....                  (no boots)
Stlth    +.........             (no amulet)
HPRegen  0.12/turn              (no ring)
MPRegen  0.11/turn              (no ring)

@: no status effects
A: change form in water, swift swim, stealthy swim
a: no special abilities


You were on level 3 of the Dungeon.
You were hungry.

You visited 1 branch of the dungeon, and saw 3 of its levels.

You collected 97 gold pieces.

Inventory:

Missiles
 a - 57 arrows
Armour
 b - a +0 robe (worn)
 o - a +0 helmet (worn)
Scrolls
 c - 2 scrolls of amnesia {unknown}
 e - 2 scrolls of remove curse {unknown}
 k - 2 scrolls of fear {unknown}
Potions
 g - a potion of berserk rage {unknown}
 h - 2 potions of heal wounds {unknown}
 i - 2 potions of brilliance {unknown}
 j - a potion of invisibility {unknown}
 l - a potion of ambrosia {unknown}
 m - a potion of flight {unknown}
 n - a potion of might {unknown}
 p - a potion of curing {unknown}
 q - 2 potions of lignification {unknown}
Comestibles
 d - 4 rations
 f - 28 chunks of flesh


   Skills:
 - Level 1.1 Fighting
 - Level 2.6 Dodging
 - Level 3.2 Unarmed Combat
 - Level 2.0 Spellcasting
 + Level 5.9 Transmutations
 + Level 2.8 Poison Magic


You had 2 spell levels left.
You knew the following spells:

 Your Spells              Type           Power        Failure   Level  Hunger
a - Beastly Appendage     Tmut           ###...       2%          1    ##.....
b - Sticks to Snakes      Tmut           ###.....     3%          2    ###....
c - Spider Form           Tmut/Pois      ##........   12%         3    ####...

Your spell library contained the following spells:

 Spells                   Type           Power        Failure   Level  Hunger
 Blade Hands              Tmut           ###.......   52%         5    ######.
 Ice Form                 Ice/Tmut       #.......     58%         4    #####..


Dungeon Overview and Level Annotations

Branches:
Dungeon (3/15)

Altars:

Annotations:
D:2 1 runed door
D:3 SacrumLux's ghost, amateur SpAs


Message History

Your ball python barely misses SacrumLux's ghost.
SacrumLux's ghost hits your adder.
Your adder closely misses SacrumLux's ghost.
You miss SacrumLux's ghost.
SacrumLux's ghost is heavily damaged.
Your adder withers and dies!
Your ball python barely misses SacrumLux's ghost.
Your ball python closely misses SacrumLux's ghost.
SacrumLux's ghost hits you.
You are electrocuted!
You miss SacrumLux's ghost.
SacrumLux's ghost is heavily damaged.
Your ball python bites SacrumLux's ghost but does no damage. x3
SacrumLux's ghost misses you.
You closely miss SacrumLux's ghost.
SacrumLux's ghost is heavily damaged.
Your ball python misses SacrumLux's ghost.
Your ball python closely misses SacrumLux's ghost.
SacrumLux's ghost hits you.
You are electrocuted!
Ouch! That really hurt!
You die...

###### ##..........#
##............
#.............
#.............
#........?....
###########.....S.......
#...............SW......
..##########....@.......
### ##..........#
###.!####### ..## .###
.# .# . ## #..


You could see SacrumLux's ghost and 2 friendly ball pythons.

Vanquished Creatures
  Robin (D:2)
  3 adders
  3 oozes
  A worm (D:3)
  3 dart slugs
  3 leopard geckos
  2 orcs (D:3)
  4 ball pythons
  9 bats
  5 giant cockroaches
  13 hobgoblins
  4 jackals
  A kobold (D:1)
  3 frilled lizards
  17 goblins
  5 rats
77 creatures vanquished.

Notes
Turn   | Place    | Note
-------+----------+-------------------------------------------
     0 | D:1      | Oravi the Merfolk Transmuter began the quest for the Orb.
     0 | D:1      | Reached XP level 1. HP: 15/15 MP: 3/3
    16 | D:1      | Reached skill level 3 in Transmutations
   355 | D:1      | Reached XP level 2. HP: 21/21 MP: 3/5
   438 | D:1      | Reached skill level 4 in Transmutations
   660 | D:1      | Reached XP level 3. HP: 22/26 MP: 4/6
   664 | D:1      | Learned a level 2 spell: Sticks to Snakes
   668 | D:1      | Learned a level 3 spell: Spider Form
   891 | D:1      | Reached skill level 1 in Poison Magic
  1291 | D:2      | Found a runed door.
  1324 | D:2      | Reached skill level 5 in Transmutations
  1568 | D:2      | Noticed Robin
  1574 | D:2      | Reached XP level 4. HP: 32/32 MP: 2/7
  1585 | D:2      | Killed Robin
  2423 | D:3      | Reached XP level 5. HP: 33/37 MP: 4/8
  2635 | D:3      | Noticed SacrumLux's ghost (amateur SpAs)
  2661 | D:3      | Mangled by SacrumLux's ghost

Vault maps used:
D:1:      scummos_arrival_star
D:2:      first_ration, corexii_item_surrounded_by_moat,
          uniq_crazy_yiuf_cottage, uniq_robin
D:3:      wad_rectangle_vault

Skill      XL: |  1  2  3  4 |
---------------+-------------+-----
Transmutations | 3 4 5 |  5.9
Poison Magic   | 1 2 |  2.8
Fighting       | |  1.1
Dodging        | |  2.6
Unarmed Combat | |  3.2
Spellcasting   | |  2.0

Action                   |  1- 3 |  4- 6 || total
-------------------------+-------+-------++-------
Melee: Unarmed           |   113 |   109 ||   222
       Headbutt          |    18 |       ||    18
 Cast: Beastly Appendage |    21 |       ||    21
       Spider Form       |     2 |    15 ||    17
       Sticks to Snakes  |       |     3 ||     3
  Eat: Chunk             |     3 |     5 ||     8
Armor: Robe              |    19 |     1 ||    20
       Skin              |       |     4 ||     4
Dodge: Dodged            |    76 |   100 ||   176

Table legend:
 A = Spawn XP
 B = Non-spawn XP
 C = Spawn XP percentage of total XP
 D = Spawn monster count
 E = Non-spawn monster count
 F = Spawn count percentage of total count
 G = Total turns spent on level
                    A         B        C        D         E        F      G
               +---------+---------+-------+---------+---------+-------+---------
         Total |       0 |     212 |   0.0 |       0 |      77 |   0.0 |  2661
               +---------+---------+-------+---------+---------+-------+---------
           D:1 |       0 |      60 |   0.0 |       0 |      27 |   0.0 |  1186
           D:2 |       0 |      94 |   0.0 |       0 |      29 |   0.0 |  1162
           D:3 |       0 |      58 |   0.0 |       0 |      21 |   0.0 |   313
               +---------+---------+-------+---------+---------+-------+---------
